Marketplace
504595669Analyzed1v1 RM
·
27d ago on Sep 5, 2026·
46m 36s·
2 players
Game mode
Random Map
Map size
Tiny (2 player)
Population
200
Speed
Normal
Resources
Standard
Victory
Conquest
Starting age
Dark Age
Ending age
Imperial Age
RankedLock teamsTeams togetherTeam positionsShared explorationLock speedFull tech treeHidden civsTurbo modeCheats
Victory
Defeat
Replay analysis
dumnorix
7:44
Loom
9:54
Feudal Age
10:57
Man-at-Arms
17:20
Double-Bit Axe
20:23
Wheelbarrow
19:34
Horse Collar
20:44
Fletching
21:39
Scale Mail Armor
27:21
Castle Age
28:04
Bloodlines
27:48
Crossbowman
28:45
Pikeman
31:43
Squires
32:21
Bow Saw
34:42
Bodkin Arrow
35:03
Chain Mail Armor
34:59
Forging
39:22
Thumb Ring
38:38
Elite Skirmisher
43:48
Arson
47:34
Imperial Age
Djene
8:22
Loom
10:40
Feudal Age
11:06
Double-Bit Axe
12:04
Horse Collar
16:55
Forging
19:25
Padded Archer Armor
22:16
Wheelbarrow
24:41
Fletching
28:49
Castle Age
28:49
Gold Mining
28:52
Stone Mining
29:10
Scale Barding Armor
29:03
Elite Skirmisher
36:23
Bloodlines
39:51
Husbandry